AoeStats
← beneath mariana

Nomad

502922082Analyzed
4v4 RM · 1mo ago on Aug 29, 2026· 38m 22s· 8 players
Game mode
Random Map
Map size
231×231
Population
200
Speed
Normal
Resources
Standard
Victory
Conquest
Starting age
Dark Age
Ending age
Imperial Age
RankedLock teamsTeams togetherTeam positionsShared explorationLock speedFull tech treeHidden civsTurbo modeCheats
Victory
Defeat
🇨🇳 Portuguese · China
1498
+11
🇪🇸 Japanese · Spain
1471
+13
🇨🇳 Dravidians · China
1463
+13
🇺🇸 Celts · United States
1452
+13
🇦🇷 Khmer · Argentina
1449
-15
1400
-13
🇦🇷 Spanish · Argentina
1377
-12
🇦🇷 Mongols · Argentina
1350
-11
CARANZA
5:12 Loom
13:34 Feudal Age
14:09 Double-Bit Axe
15:59 Fletching
19:40 Castle Age
18:37 Stone Mining
21:30 Forging
21:21 Scale Mail Armor
22:50 Bodkin Arrow
25:36 Wheelbarrow
29:46 Horse Collar
32:20 Iron Casting
32:01 Chain Mail Armor
39:21 Imperial Age
36:59 Squires
哇哈哈
6:02 Loom
15:23 Feudal Age
19:38 Castle Age
17:49 Double-Bit Axe
17:46 Horse Collar
21:55 Medium Warships
22:26 Bow Saw
26:21 Fletching
30:28 Bodkin Arrow
30:52 Guard Tower
31:40 Careening
31:42 Masonry
32:18 Murder Holes
34:44 Wheelbarrow
33:56 Treadmill Crane
35:03 Stone Mining
35:03 Gold Mining
36:47 Ballistics
41:19 Imperial Age
beneath mariana
10:41 Loom
13:57 Feudal Age
14:42 Fishing Lines
14:59 Town Watch
17:40 Castle Age
15:36 Double-Bit Axe
16:02 Gold Mining
17:26 Forging
18:18 Scale Mail Armor
18:19 Stone Mining
18:49 Bow Saw
18:21 Man-at-Arms
19:03 Gambesons
19:34 Chain Mail Armor
20:19 Medium Warships
19:45 Long Swordsman
20:25 Squires
20:21 Horse Collar
20:47 Arson
24:29 Scale Barding Armor
26:59 Wheelbarrow
26:17 Gillnets
28:01 Iron Casting
29:50 Wheelbarrow
30:31 Hand Cart
31:44 Fletching
35:45 Imperial Age
33:38 Chain Barding Armor
34:29 Bodkin Arrow
35:50 Two-Handed Swordsman
37:02 Plate Mail Armor
37:32 Blast Furnace
38:36 Blast Furnace
37:29 Two-Handed Swordsman
38:45 Conscription
38:42 Guilds
38:20 Champion
DoctorDubbz
4:01 Loom
13:31 Feudal Age
14:06 Man-at-Arms
14:31 Arson
14:49 Horse Collar
15:17 Double-Bit Axe
20:41 Castle Age
20:50 Scale Mail Armor
21:04 Forging
21:45 Chain Mail Armor
20:56 Pikeman
21:52 Bow Saw
22:33 Forging
36:24 Wheelbarrow
35:57 Fletching
40:38 Imperial Age
38:33 Gold Mining
38:52 Heavy Plow
9toesGG
10:51 Loom
13:08 Feudal Age
16:22 Castle Age
16:49 Bloodlines
18:44 Gold Mining
21:58 Horse Collar
29:27 Scale Barding Armor
33:23 Chain Barding Armor
Lucas Vidal Podestá
4:26 Loom
14:30 Feudal Age
18:31 Castle Age
19:13 Town Watch
20:22 Double-Bit Axe
Busco señora que cobre PUAM
8:22 Loom
9:11 Loom
11:57 Feudal Age
17:01 Town Watch
23:10 Castle Age
25:05 Fletching
Ricardo Arjona
6:06 Loom
14:06 Feudal Age
17:50 Castle Age
17:11 Double-Bit Axe
19:25 Bow Saw
22:34 Medium Warships
24:33 Horse Collar
27:40 Fletching
29:29 Bodkin Arrow
32:08 Ballistics
33:27 Wheelbarrow
32:55 Padded Archer Armor
34:53 Husbandry
35:05 Bloodlines
35:11 Hand Cart
35:35 Town Watch
36:23 Gold Mining
36:23 Stone Mining
40:07 Imperial Age
37:41 Stone Mining
Connection lost

Rejoining the realm…

Still unreachable

The connection could not be restored.

Session expired

The server has moved on; the page needs a fresh start.